 Dungeon Crawl Stone Soup version 0.23.2-1-ga50397a6bc (webtiles) character file.

Game seed: 14667881394355534147

788 Mrkan the Slasher (level 7, 0/63 HPs)
             Began as a Minotaur Fighter on May 20, 2019.
             Was a Follower of Uskayaw.
             Succumbed to a scorpion's poison
             ... on level 4 of the Dungeon.
             The game lasted 00:05:38 (2499 turns).

Mrkan the Slasher (Minotaur Fighter)                Turns: 2499, Time: 00:05:39

Health: 0/63       AC:  6    Str: 22    XL:     7   Next: 56%
Magic:  6/6        EV:  8    Int:  5    God:    Uskayaw [*.....]
Gold:   113        SH: 10    Dex: 10    Spells: 6/6 levels left

rFire    . . .     SeeInvis .   a - +0 long sword
rCold    . . .     Gourm    .   c - +0 shield
rNeg     . . .     Faith    .   b - +0 scale mail
rPois    +         Spirit   .   (helmet restricted)
rElec    .         Reflect  .   (no cloak)
rCorr    .         Harm     .   (no gloves)
MR       .....                  (no boots)
Stlth    ..........             j - amulet of regeneration
HPRegen  0.20/turn              d - ring of poison resistance
MPRegen  0.10/turn              (no ring)

@: lethally poisoned (0 -> -2), very slightly contaminated
A: retaliatory headbutt, horns 2
a: Stomp, Renounce Religion


You were on level 4 of the Dungeon.
You worshipped Uskayaw.
Uskayaw was noncommittal.
You were hungry.

You visited 1 branch of the dungeon, and saw 4 of its levels.

You collected 113 gold pieces.

Inventory:

Hand Weapons
 a - a +0 long sword (weapon)
Armour
 b - a +0 scale mail (worn)
 c - a +0 shield (worn)
 m - a cursed +0 scale mail
 o - a +0 large shield
Jewellery
 d - a ring of poison resistance (left hand)
 g - a +5 ring of strength
 j - an amulet of regeneration (around neck)
Scrolls
 e - a scroll of immolation {unknown}
 h - a scroll of noise {unknown}
 i - a scroll of identify
 k - 5 scrolls of teleportation {unknown}
 l - 2 scrolls of amnesia {unknown}
 n - a scroll of fear {unknown}
Comestibles
 f - 6 rations


   Skills:
 + Level 6.2 Fighting
 * Level 7.5 Long Blades
 - Level 3.6 Armour
 + Level 6.2 Shields


You had 6 spell levels left.
You didn't know any spells.
Your spell library contained the following spells:

 Spells                   Type           Power        Failure   Level  Hunger
 Animate Skeleton         Necr           N/A          99%         1    ##.....
 Beastly Appendage        Tmut           #.....       99%         1    ##.....
 Sticks to Snakes         Tmut           #.......     100%        2    ###....
 Spider Form              Tmut/Pois      #.........   100%        3    ####...
 Ice Form                 Ice/Tmut       #.......     100%        4    #####..
 Blade Hands              Tmut           #.........   100%        5    ######.


Dungeon Overview and Level Annotations

Branches:
Dungeon (4/15)
 Temple: D:4-7

Altars:
Dithmenos
Fedhas
Kikubaaqudgha
Ru
Sif Muna
Uskayaw
Vehumet

Annotations:
D:4 2 transporters, MisterOstroum's ghost, amateur DrCj


Innate Abilities, Weirdness & Mutations

You reflexively headbutt those who attack you in melee.
You have a pair of horns on your head.


Message History

* * * LOW HITPOINT WARNING * * *
You feel sick.
* * * LOW HITPOINT WARNING * * *
You feel sick.
You see here a fizzy blue potion.
You flicker for a moment.
You are feeling hungry.
* * * LOW HITPOINT WARNING * * *
You feel sick.
You see here a fizzy blue potion.
* * * LOW HITPOINT WARNING * * *
You feel sick.
You see here a fizzy blue potion.
* * * LOW HITPOINT WARNING * * *
You feel sick.
You aren't carrying any potions.
As you read the scroll of identify, it crumbles to dust.
g - a +5 ring of strength You flicker back into view.
You die...

##.(..##### #.#.## .#
##....#...# #.... ..#
##....#...# #.#.# ...#
..........####.#.##.....
........................
........######.#.##.##.#
........# #.#.##.....
........# #..........
######.## #.#@##.....
#.# #.#!# #### #.# #.#†#
#. #.#.# #.# #.# #.# #.#
#.#


There were no monsters in sight!

Vanquished Creatures
  Grinder (D:3)
  Duvessa (D:4)
  An ogre (D:4)
  Dowan (D:4)
  2 scorpions (D:4)
  A crimson imp (D:4)
  2 orc priests (D:4)
  An orc wizard (D:3)
  An iguana (D:4)
  3 adders
  3 worms
  A leopard gecko (D:2)
  7 orcs
  A ball python (D:1)
  6 giant cockroaches
  6 goblins
  6 hobgoblins
  8 jackals
  2 quokkas (D:3)
  4 bats
  3 frilled lizards
  5 kobolds
  6 rats
72 creatures vanquished.

Notes
Turn   | Place    | Note
-------+----------+-------------------------------------------
     0 | D:1      | Mrkan the Minotaur Fighter began the quest for the Orb.
     0 | D:1      | Reached XP level 1. HP: 19/19 MP: 0/0
    80 | D:1      | Reached skill level 3 in Long Blades
    80 | D:1      | Reached XP level 2. HP: 25/27 MP: 1/1
   528 | D:2      | Reached XP level 3. HP: 25/33 MP: 2/2
   612 | D:2      | Found a radiant altar of Vehumet.
   616 | D:2      | Found an ancient bone altar of Kikubaaqudgha.
   617 | D:2      | Found a deep blue altar of Sif Muna.
   622 | D:2      | Identified Kikubaaqudgha's Guide on Darkness
   718 | D:2      | Found a sacrificial altar of Ru.
   784 | D:2      | Reached skill level 4 in Long Blades
   993 | D:3      | Reached XP level 4. HP: 34/40 MP: 3/3
  1261 | D:3      | Found a shadowy altar of Dithmenos.
  1262 | D:3      | Noticed Grinder
  1282 | D:3      | Killed Grinder
  1282 | D:3      | Reached skill level 5 in Fighting
  1282 | D:3      | Reached skill level 5 in Long Blades
  1282 | D:3      | Reached skill level 5 in Shields
  1282 | D:3      | Reached XP level 5. HP: 16/48 MP: 4/4
  1282 | D:3      | Reached XP level 6. HP: 18/56 MP: 5/5
  1609 | D:3      | Found a hide-covered altar of Uskayaw.
  1610 | D:3      | Found a blossoming altar of Fedhas.
  1616 | D:3      | Became a worshipper of Uskayaw the Reveler
  1782 | D:4      | Reached * piety under Uskayaw
  1784 | D:4      | Reached skill level 6 in Long Blades
  1788 | D:4      | Found a transporter.
  1790 | D:4      | Reached ** piety under Uskayaw
  1793 | D:4      | Reached *** piety under Uskayaw
  1796 | D:4      | Reached **** piety under Uskayaw
  1865 | D:4      | Found a transporter.
  1881 | D:4      | Reached XP level 7. HP: 12/62 MP: 6/6
  2138 | D:4      | Noticed MisterOstroum's ghost (amateur DrCj)
  2216 | D:4      | Noticed Duvessa
  2216 | D:4      | Noticed Dowan
  2240 | D:4      | Killed Duvessa
  2240 | D:4      | Reached skill level 7 in Long Blades
  2247 | D:4      | Killed Dowan
  2492 | D:4      | HP: 3/63 [poisoned by a scorpion]
  2497 | D:4      | HP: 1/63 [poisoned by a scorpion]
  2499 | D:4      | Succumbed to a scorpion's poison

Skill      XL: |  1  2  3  4  5  6  7 |
---------------+----------------------+-----
Long Blades    | 3 4 5 6 7 |  7.5
Shields        | 4 5 6 |  6.2
Fighting       | 4 5 6 |  6.2
Armour         | |  3.6

Action                   |  1- 3 |  4- 6 |  7- 9 || total
-------------------------+-------+-------+-------++-------
Melee: Long sword        |    80 |    85 |    26 ||   191
       Headbutt          |    12 |    18 |     4 ||    34
Invok: Stomp             |       |     1 |       ||     1
  Use: Potion            |       |     2 |     1 ||     3
       Scroll            |       |       |     3 ||     3
 Stab: Paralysed         |       |     2 |       ||     2
  Eat: Chunk             |       |     3 |     2 ||     5
Armor: Scale mail        |    50 |    24 |     7 ||    81
Dodge: Dodged            |    33 |    28 |     5 ||    66
Block: Shield            |    51 |    41 |     8 ||   100
       Rpst.: Long sword |     6 |     7 |     3 ||    16
